 Dungeon Crawl Stone Soup version 0.30-a0-918-g0ff054e9dc (webtiles) character file.

Game seed: 12283765244091390001

2831 octoduck the Carver (level 9, -3/54 HPs)
             Began as a Merfolk Gladiator on Mar 21, 2023.
             Was a Believer of Hepliaklqana.
             Killed by divine providence
             ... invoked by an orc priest
              (11 damage)
             ... on level 8 of the Dungeon.
             The game lasted 00:29:29 (7080 turns).

octoduck the Carver (Merfolk Gladiator)             Turns: 7080, Time: 00:29:31

Health: -3/54      AC: 14    Str: 16    XL:     9   Next: 73%
Magic:  9/9        EV: 18    Int:  9    God:    Hepliaklqana [**....]
Gold:   87         SH:  0    Dex: 16    Spells: 8/8 levels left

rFire   + . .      SeeInvis +    a - +1 long sword (elec)
rCold   + . .      Faith    .    (no shield)
rNeg    . . .      Spirit   .    o - +2 ring mail {rC+}
rPois   +          Reflect  .    D - +2 helmet {SInv}
rElec   .          Rampage  .    (no cloak)
rCorr   .                        (no gloves)
Will    .....                    (no boots)
Stlth   ++++                     r - amulet of regeneration
HPRegen 1.09/turn                q - +4 ring of protection
MPRegen 0.11/turn                E - ring of Fewonk {rPois rF+ EV+5}

@: no status effects
A: reduced essence, (nimble swimmer 2), mertail
a: Renounce Religion, Recall Ancestor, Ancestor Identity


You were on level 8 of the Dungeon.
You worshipped Hepliaklqana.
Hepliaklqana was pleased with you.
You visited 2 branches of the dungeon, and saw 9 of its levels.

You collected 473 gold pieces.
You spent 386 gold pieces at shops.

Inventory:

Hand Weapons
 a - a +1 long sword of electrocution (weapon)
Missiles
 d - 4 throwing nets (quivered)
 e - 6 javelins
 C - 8 poisoned darts
Armour
 o - a +2 ring mail of cold resistance (worn)
 D - a +2 helmet of see invisible (worn)
 G - the +0 leather armour of Zuyratoa {Will+++ Str-5}
   (You found it on level 5 of the Dungeon)

   Str:       It affects your strength (-5).
   Will:      It greatly increases your willpower.
Jewellery
 i - a ring of protection from cold
 k - a +6 ring of dexterity
 q - a +4 ring of protection (left hand)
 r - an amulet of regeneration (around neck)
 B - an amulet of reflection
 E - the ring of Fewonk (right hand) {rPois rF+ EV+5}
   (You found it on level 5 of the Dungeon)

   [ring of evasion]

   EV:        It affects your evasion (+5).
   rF:        It protects you from fire.
   rPois:     It protects you from poison.
 K - a ring of ice
Wands
 A - a wand of flame (63)
 I - a wand of quicksilver (7)
Scrolls
 g - 2 scrolls of teleportation
 m - a scroll of poison
 n - a scroll of enchant weapon
 s - a scroll of enchant armour
 v - a scroll of amnesia
 w - a scroll of fog {unknown}
 x - a scroll of torment {unknown}
 y - a scroll of magic mapping {unknown}
 z - 2 scrolls of brand weapon
 J - 2 scrolls of silence
Potions
 b - a potion of might
 c - a potion of ambrosia
 f - a potion of magic
 h - 2 potions of mutation
 j - 2 potions of flight
 l - 2 potions of haste
 p - a potion of berserk rage {unknown}
 t - 2 potions of brilliance {unknown}
 u - a potion of heal wounds {unknown}
 H - 5 potions of curing


   Skills:
 - Level 2.1 Fighting
 + Level 12.0 Long Blades
 - Level 2.0 Throwing
 - Level 6.2 Dodging
 + Level 9.6 Stealth


You had 8 spell levels left.
You didn't know any spells.
Your spell library contained the following spells:

 Spells                   Type           Power      Damage    Failure   Level
 Sandblast                Erth           0%         2d4       61%         1
 Cigotuvi's Dreadful Rot  Necr/Pois/Air  0%         N/A       75%         2
 Ensorcelled Hibernation  Hex/Ice        0%         N/A       75%         2
 Passwall                 Tmut/Erth      0%         N/A       75%         2
 Sublimation of Blood     Necr           0%         N/A       75%         2
 Stone Arrow              Conj/Erth      0%         3d7       93%         3
 Summon Guardian Golem    Hex/Summ       0%         N/A       93%         3
 Swiftness                Air            0%         N/A       93%         3
 Dispel Undead            Necr           0%         3d6       100%        4
 Petrify                  Tmut/Erth      0%         N/A       100%        4
 Irradiate                Conj/Tmut      0%         3d11      100%        5
 Death Channel            Necr           0%         N/A       100%        6
 Orb of Destruction       Conj           0%         9d5       100%        7
 Spellforged Servitor     Conj/Summ      0%         N/A       100%        7


Dungeon Overview and Level Annotations

Branches:
Dungeon (8/15)             Temple (1/1) D:6
   Lair: D:8-11

Altars:
Ashenzari
Cheibriados
Dithmenos
Elyvilon
Fedhas
Gozag
Hepliaklqana
Makhleb
Nemelex Xobeh
Okawaru
Qazlal
Ru
Sif Muna
Trog
Uskayaw
Vehumet
Wu Jian
Xom
Yredelemnul
Zin
The Shining One

Shops:
D:7 [*!(?

Annotations:
D:5 1 runed translucent door, math4jedi's ghost, novice MiBe


Innate Abilities, Weirdness & Mutations

Your life essence is reduced to manifest your ancestor. (-10% HP)
((You are very nimble when in or above water. (Stealth+, EV+, Speed+++)))
Your lower body shifts to a powerful aquatic tail in water.


Message History

There is a stone staircase leading down here.
Okay, then.
Done exploring.
As you read the scroll labelled DUSSAI APPI, it crumbles to dust.
It is a scroll of enchant weapon.
Your +0 long sword of electrocution glows red for a moment.
You swap places.
There is a stone staircase leading down here.
You climb downwards.
There is a stone staircase leading up here.
You see here a +0 helmet.
There is an open door here.
There is an open door here.
There is an open door here.
You swap places.
You open the door.
An orc wizard, an orc and 3 orc priests come into view.
The orc wizard shouts!
The orc priest shouts!
The orc priest mumbles some strange prayers to Beogh against you.
Pain shoots through your body!
The orc priest invokes the aid of Beogh against you.
Beogh smites you!
The orc priest calls down the wrath of Beogh upon you.
Beogh smites you!
You swap places.
The orc priest calls down the wrath of Beogh upon you.
Beogh smites you!
* * * LOW HITPOINT WARNING * * *
The orc wizard casts a spell at you.
You easily resist.
There is an open door here.
You swap places.
Msizi hits the orc wizard with a +0 flail!
The orc priest invokes the aid of Beogh against you.
Beogh smites you!
* * * LOW HITPOINT WARNING * * *
Msizi blocks the orc wizard's attack.
The orc priest calls down the wrath of Beogh upon you.
Beogh smites you!
You die...

#......#...#.....
######...#####'##....
##...##...###...##....
#..........#.....#....
#..........'.....#....
#..........#.....#....
#..........#.....#....
#..........#.....#....
#....@.....#.....#.รท).
###..###..##.##+##.##.
##R###..##.##.##.###
#.ooo#...)..#........
#..oo#......#........
#....#......#........
#....#......#.....###
#....#.>.)..##....#
#....#......##....#


You could see the friendly Msizi the knight, 2 orc priests and an orc wizard
(ally target).

Vanquished Creatures
  Grinder (D:6)
  2 wyverns (D:8)
  A steam dragon (D:8)
  A water moccasin (D:5)
  2 orc warriors
  An ogre (D:5)
  A centaur (D:6)
  3 phantoms
  A bullfrog (D:8)
  4 scorpions
  4 crimson imps (D:8)
  2 jellies
  5 hounds
  2 orc priests
  A gnoll bouda (D:7)
  An iguana (D:6)
  5 orc wizards
  A sleepcap (D:3)
  Robin (D:4)
  5 gnolls (D:7)
  5 adders
  3 shadow imps
  5 white imps
  A worm (D:2)
  2 dart slugs
  20 orcs
  6 bats
  7 endoplasms
  3 giant cockroaches
  9 hobgoblins
  2 jackals (D:5)
  2 quokkas
  4 ball pythons
  3 frilled lizards
  16 goblins
  5 kobolds
  2 rats (D:2)
139 creatures vanquished.

Vanquished Creatures (collateral kills)
  An ogre (D:6)
  A centaur (D:8)
  A lemure (D:8)
  3 crimson imps (D:8)
  A jelly (D:6)
  An orc wizard (D:8)
  A gnoll (D:7)
  A white imp (D:8)
  4 orcs
14 creatures vanquished.

Grand Total: 153 creatures vanquished

Notes
Turn   | Place    | Note
-------+----------+-------------------------------------------
     0 | D:1      | octoduck the Merfolk Gladiator began the quest for the Orb.
     0 | D:1      | Reached XP level 1. HP: 16/16 MP: 1/1
   149 | D:1      | Reached skill level 4 in Long Blades
   219 | D:1      | Reached XP level 2. HP: 20/22 MP: 2/2
  1073 | D:2      | Reached XP level 3. HP: 27/27 MP: 3/3
  1440 | D:2      | Found a faded altar of an unknown god.
  1521 | D:2      | Reached skill level 5 in Long Blades
  1538 | D:2      | Reached XP level 4. HP: 32/33 MP: 4/4
  2226 | D:4      | Noticed a phantom
  2482 | D:3      | Reached skill level 5 in Dodging
  2618 | D:3      | Killed a phantom
  2619 | D:3      | Reached skill level 6 in Long Blades
  2619 | D:3      | Reached XP level 5. HP: 38/38 MP: 5/5
  2668 | D:3      | Reached XP level 6. HP: 44/44 MP: 6/6
  2692 | D:4      | Reached skill level 7 in Long Blades
  2719 | D:4      | Noticed Robin
  3280 | D:4      | Identified the +8 great mace "Joef" {spect, rC+ rCorr}
  3341 | D:4      | Killed Robin
  3344 | D:4      | Reached skill level 1 in Stealth
  3514 | D:5      | Entered Level 5 of the Dungeon
  3581 | D:5      | Identified the ring of Fewonk {rPois rF+ EV+5}
  3641 | D:5      | Identified the +0 leather armour of Zuyratoa {Will+++
                  | Str-5}
  3921 | D:5      | Found a runed translucent door.
  3921 | D:5      | Noticed math4jedi's ghost (novice MiBe)
  3961 | D:5      | Found a shimmering altar of Xom.
  3962 | D:5      | Found an iron altar of Okawaru.
  3963 | D:5      | Found a hazy altar of Hepliaklqana.
  4018 | D:5      | Became a worshipper of Hepliaklqana the Forgotten
  4113 | D:5      | Reached XP level 7. HP: 36/50 MP: 7/7
  4304 | D:5      | Reached skill level 8 in Long Blades
  4883 | D:6      | Reached * piety under Hepliaklqana
  4885 | D:6      | Reached XP level 8. HP: 50/50 MP: 8/8
  4924 | D:6      | Reached skill level 9 in Long Blades
  4924 | D:6      | Reached skill level 5 in Stealth
  5228 | D:6      | Noticed Grinder
  5228 | D:6      | Paralysed by Grinder for 5 turns
  5260 | D:6      | Paralysed by Grinder for 2 turns
  5273 | D:6      | Paralysed by Grinder for 4 turns
  5302 | D:6      | Killed Grinder
  5435 | D:6      | Found a staircase to the Ecumenical Temple.
  5448 | D:6      | Reached skill level 10 in Long Blades
  5454 | Temple   | Entered the Ecumenical Temple
  5852 | D:7      | Found Tirpherek's Antique Armour Emporium.
  5857 | D:7      | Bought a shiny ring mail for 182 gold pieces
  5877 | D:7      | Found a sparkling altar of Nemelex Xobeh.
  5920 | D:7      | Reached XP level 9. HP: 54/54 MP: 9/9
  5937 | D:7      | Found Kurrovao's General Store.
  5994 | D:7      | Bought a scroll of identify for 32 gold pieces
  5994 | D:7      | Bought a scroll of identify for 32 gold pieces
  6150 | D:7      | Found Ysmiumm's Weapon Shoppe.
  6153 | D:7      | Found Paugiej's Magic Scroll Shoppe.
  6160 | D:7      | Bought a scroll of identify for 28 gold pieces
  6160 | D:7      | Bought a scroll of identify for 28 gold pieces
  6160 | D:7      | Bought a scroll of teleportation for 42 gold pieces
  6169 | D:7      | Reached ** piety under Hepliaklqana
  6176 | D:7      | Remembered your ancestor Msizi as a knight
  6274 | D:7      | Found a hide-covered altar of Uskayaw.
  6323 | D:7      | Found Jugg's Distillery.
  6332 | D:7      | Bought a potion of curing for 42 gold pieces
  6470 | D:7      | Reached skill level 11 in Long Blades
  6530 | D:8      | Identified the +4 war axe "Hoeptonk" {heavy, rF+}
  6879 | D:8      | Reached skill level 12 in Long Blades
  7017 | D:7      | Found a glowing silver altar of Zin.
  7080 | D:8      | Killed from afar by an orc priest

Illustrated notes

Levels and vault maps discovered:
D:1:      mrwooster_arrival_statue, layout_basic
D:2:      layout_basic, shapermc_ecumenical_altar_starsandcircs,
          grunt_decor_cap, minmay_misc_feat_encased
D:3:      layout_basic
D:4:      layout_rooms, roderic_roman_lattice, uniq_robin
D:5:      layout_cave_pods, minitemple, hellmonk_ghost_happy_afterlife,
          minivault_25
D:6:      wad_pebble_path, layout_loops_ring, temple_green, lightli_orcish_oven,
          uniq_grinder
D:7:      layout_cave_pools, nicolae_overflow_hidden_temple, serial_shops, shop,
          shop, nicolae_lakefront_shop, shop_fountains,
          nicolae_shop_hallway_plus, dreamdust_gnoll_farm
D:8:      layout_gridville, mainiacjoe_overflow_surrounded_room,
          minmay_nine_imps, uniq_pikel
Temple:   nicolae_temple_no_exploring_needed

Skill      XL: |  1  2  3  4  5  6  7  8  9 |
---------------+----------------------------+-----
Long Blades    | 4 5 6 7 8 10 12 | 12.0
Dodging        | 5 6 |  6.2
Stealth        | 2 4 7 9 |  9.6
Fighting       | |  2.1
Throwing       | |  2.0

Action                     |  1- 3 |  4- 6 |  7- 9 || total
---------------------------+-------+-------+-------++-------
  Melee: Long sword        |    90 |   137 |   192 ||   419
         Punch             |     1 |     2 |     2 ||     5
 Invoke: Recall Ancestor   |       |       |     1 ||     1
         Ancestor Life: Kn |       |       |     1 ||     1
    Use: Scroll            |     1 |     7 |     9 ||    17
   Stab: Sleeping          |       |       |     2 ||     2
 Armour: Leather armour    |     9 |       |     5 ||    14
         Ring mail         |    11 |    69 |    45 ||   125
  Dodge: Dodged            |    85 |   107 |   188 ||   380
  Block: Other             |       |     1 |     7 ||     8
         Reflection        |       |     1 |     1 ||     2

Table legend: (Time is in decaauts)
 A = Elapsed time spent in this place.
 B = Non-inter-level travel time spent in this place.
 C = Inter-level travel time spent in this place.
 D = Time resting spent in this place.
 E = Time spent auto-exploring this place.
 F = Levels seen in this place.
 G = Mean time per level.
                   A        B        C        D        E       F      G
               +--------+--------+--------+--------+--------+-----+--------+
         Total |   7096 |   6346 |    750 |    583 |   3380 |   9 |  788.4 |
       Dungeon |   7094 |   6344 |    750 |    583 |   3380 |   8 |  886.8 |
        Temple |      1 |      1 |      0 |      0 |      0 |   1 |    1.0 |
               +--------+--------+--------+--------+--------+-----+--------+

Top non-repeatable levels by time:
     D:5: 1276 daAuts
     D:3: 1107 daAuts
     D:6: 1054 daAuts
     D:2: 1046 daAuts
     D:7: 743 daAuts
     D:4: 737 daAuts
     D:1: 655 daAuts
     D:8: 474 daAuts
  Temple: 1 daAuts
